 Dungeon Crawl Stone Soup version 0.19.1 (webtiles) character file.

168 loralnil the Shield-Bearer (level 5, -3/42 HPs)
             Began as a Formicid Fighter on Dec 12, 2016.
             Killed by divine providence
             ... invoked by an orc priest
              (15 damage)
             ... on level 3 of the Dungeon.
             The game lasted 00:04:01 (1525 turns).

loralnil the Shield-Bearer (Formicid Fighter)       Turns: 1525, Time: 00:04:01

Health: -3/42      AC: 10    Str: 21    XL:     5   Next: 78%
Magic:  5/5        EV:  8    Int:  8    God:
Gold:   220        SH: 10    Dex: 10    Spells: 0 memorised, 4 levels left

rFire  . . .     SeeInvis +     a - +1 war axe
rCold  . . .     Gourm    .     b - +0 scale mail
rNeg   . . .     Faith    .     q - +1 shield {AC+3}
rPois  .         Spirit   .     (helmet unavailable)
rElec  .         Reflect  .     (no cloak)
rCorr  .         Harm     .     (no gloves)
MR     .....                    (no boots)
Stlth  ..........               (no amulet)
                                (no ring)
                                (no ring)

@: no status effects
A: permanent stasis, dig shafts and tunnels, four strong arms, antennae 3
a: Dig, Shaft Self


You were on level 3 of the Dungeon.
You were not hungry.

You visited 1 branch of the dungeon, and saw 3 of its levels.

You collected 220 gold pieces.

Inventory:

Hand Weapons
 a - a +1 war axe (weapon)
Armour
 b - a +0 scale mail (worn)
 q - a +1 shield of protection (worn)
Scrolls
 e - 3 scrolls of remove curse
 k - a scroll of fear {unknown}
 m - a scroll of teleportation {unknown}
 n - a scroll of amnesia {unknown}
Potions
 g - a potion of heal wounds {unknown}
 h - 2 potions of lignification
 j - 2 potions of curing
Comestibles
 f - 4 bread rations
 i - 3 meat rations
 l - a beef jerky
 p - 4 fruits


   Skills:
 + Level 4.1 Fighting
 + Level 3.7 Axes
 + Level 4.0 Armour
 + Level 0.5 Dodging
 + Level 4.6 Shields


You had 4 spell levels left.
You didn't know any spells.

Dungeon Overview and Level Annotations

Branches:
Dungeon (3/15)

Altars:


Innate Abilities, Weirdness & Mutations

You are under a permanent stasis effect.
You can dig through walls and to a lower floor.
Your four strong arms can wield two-handed weapons with a shield.
You have a pair of large antennae on your head. (SInv)


Message History

You hit the orc priest.
The orc priest is heavily wounded.
You hit the orc but do no damage. The orc hits you but does no damage.
You block the orc priest's attack. The orc hits you.
You block the orc priest's attack.
You hit the orc priest.
The orc priest is almost dead.
You hit the orc. The orc barely misses you.
The orc priest calls down the wrath of Beogh upon you.
Beogh smites you!
* * * LOW HITPOINT WARNING * * *
You closely miss the orc priest.
The orc priest is almost dead.
You hit the orc.
You kill the orc!
You closely miss the orc priest.
The orc priest is almost dead.
The orc priest invokes the aid of Beogh against you.
Beogh smites you!
You die...

#.# #.#
#.####### #
#..>(...#
.#
###########
.# #.# #.#
#.# o.# #
#.# ##/# #
#.#####@o#
#
#.......##
# ##.######
# #.# #.#
#.# #.###
#...# ###.#


You could see an orc priest and an orc wizard.

Vanquished Creatures
  The ghost of Paps the Gusty, an amateur TeAE (D:3)
  2 adders
  3 oozes
  2 worms
  2 dart slugs
  A leopard gecko (D:1)
  An orc (D:3)
  A giant cockroach (D:1)
  5 goblins
  7 hobgoblins
  A jackal (D:2)
  A quokka (D:3)
  A ball python (D:1)
  11 bats
  3 frilled lizards
  10 kobolds
  9 rats
61 creatures vanquished.

Notes
Turn   | Place    | Note
-------+----------+-------------------------------------------
     0 | D:1      | loralnil the Formicid Fighter began the quest for the Orb.
     0 | D:1      | Reached XP level 1. HP: 18/18 MP: 1/1
    23 | D:1      | Reached XP level 2. HP: 20/24 MP: 2/2
   124 | D:1      | Reached XP level 3. HP: 29/30 MP: 3/3
   698 | D:2      | Reached XP level 4. HP: 31/37 MP: 4/4
  1290 | D:3      | Noticed Paps's ghost (amateur TeAE)
  1298 | D:3      | Reached XP level 5. HP: 30/42 MP: 5/5
  1305 | D:3      | Killed Paps's ghost
  1525 | D:3      | Killed from afar by an orc priest

Skill      XL: |  1  2  3  4  5 |
---------------+----------------+-----
Shields        | 4 |  4.6
Axes           | 3 |  3.7
Fighting       | 4 |  4.1
Armour         | 4 |  4.0
Dodging        | |  0.5

Action                   |  1- 3 |  4- 6 || total
-------------------------+-------+-------++-------
Melee: War axe           |   110 |    71 ||   181
  Use: Scroll            |     5 |     1 ||     6
       Potion            |       |     1 ||     1
  Eat: Chunk             |       |     2 ||     2
Armor: Scale mail        |    64 |    37 ||   101
Dodge: Dodged            |    46 |    22 ||    68
Block: Shield            |    78 |    45 ||   123
